 Dungeon Crawl Stone Soup version 0.30.1-9-gdf580d7c3d (webtiles) character file.

Game seed: 15176677424196720705

6591 Amplified the Protected (level 10, -2/97 HPs)
             Began as an Armataur Gladiator on Sept 30, 2023.
             Was a Believer of Ru.
             Slain by a two-headed ogre
             ... wielding a +0 giant club
              (13 damage)
             ... on level 9 of the Dungeon.
             The game lasted 00:12:28 (8115 turns).

Amplified the Protected (Armataur Gladiator)        Turns: 8115, Time: 00:12:29

Health: -2/97      AC: 11    Str: 21    XL:     10   Next: 71%
Magic:  10/10      EV: 10    Int: 11    God:    Ru [**....]
Gold:   552        SH:  0    Dex: 12    Spells: 9/9 levels left

rFire   + . .        a - +0 war axe (vamp)
rCold   + + .        (no shield)
rNeg    . . .        G - +2 leather armour {rC+}
rPois   .            c - +2 helmet
rElec   .            q - scarf {rC+ rF+}
rCorr   .            (no gloves)
SInv    .            (no barding)
Will    .....        (no amulet) Stlth
                     (no ring)
HPRegen 0.36/turn    (no ring)
MPRegen 0.12/turn

%: roll
@: no status effects
A: large, rugged brown scales 3, deformed body, no stealth, hated by all,
armoured tail, roll, long tongue, awkward tongue
a: Renounce Religion


You were on level 9 of the Dungeon.
You worshipped Ru.
Ru was pleased with you.
You visited 1 branch of the dungeon, and saw 9 of its levels.
You also visited: Ossuary.

You collected 552 gold pieces.

Inventory:

Hand Weapons
 a - a +0 vampiric war axe (weapon)
 l - a +1 whip of electrocution
Missiles
 d - a throwing net (quivered)
 e - a javelin
Armour
 b - a +0 leather armour
 c - a +2 helmet (worn)
 i - a +0 cloak
 q - a scarf of resistance (worn)
 s - a +0 scale mail
 G - a +2 leather armour of cold resistance (worn)
Jewellery
 p - a ring of fire
 B - a ring of poison resistance
Wands
 x - a wand of flame (44)
 F - a wand of light (2)
Scrolls
 g - 4 scrolls of enchant weapon
 k - 2 scrolls of blinking
 n - a scroll of magic mapping
 r - a scroll of silence
 u - 2 scrolls of fear
 y - 3 scrolls of teleportation
 C - a scroll of fog
Potions
 f - 4 potions of attraction
 h - 4 potions of heal wounds
 j - a potion of might
 m - a potion of resistance
 t - a potion of flight
 v - 4 potions of mutation {unknown}
 w - a potion of cancellation {unknown}
 z - 2 potions of lignification
 A - 3 potions of curing
 D - 2 potions of magic {unknown}
 E - a potion of brilliance {unknown}
 H - a potion of invisibility {unknown}


   Skills:
 * Level 9.0 Fighting
 * Level 8.4 Axes
 - Level 1.7 Throwing
 * Level 11.2 Armour
 - Level 2.1 Dodging


You had 9 spell levels left.
You didn't know any spells.
Your spell library contained the following spells:

 Spells                   Type           Power      Damage    Failure   Level
 Magic Dart               Conj           0%         1d3       36%         1
 Ensorcelled Hibernation  Hex/Ice        0%         N/A       52%         2
 Gell's Gravitas          Tloc           0%         N/A       75%         3
 Mephitic Cloud           Conj/Pois/Air  0%         N/A       75%         3
 Portal Projectile        Hex/Tloc       0%         N/A       75%         3
 Spider Form              Tmut/Pois      0%         N/A       75%         3
 Teleport Other           Tloc           0%         N/A       75%         3
 Anguish                  Hex/Necr       0%         N/A       98%         4
 Leda's Liquefaction      Hex/Erth       0%         N/A       98%         4
 Blade Hands              Tmut           0%         N/A       100%        5
 Dispersal                Tloc           0%         N/A       100%        6
 Summon Small Mammal      Summ           Unusable   N/A       N/A         1
 Call Imp                 Summ           Unusable   N/A       N/A         2
 Call Canine Familiar     Summ           Unusable   N/A       N/A         3
 Summon Guardian Golem    Hex/Summ       Unusable   N/A       N/A         3
 Tukima's Dance           Hex            Unusable   N/A       N/A         3

Dungeon Overview and Level Annotations

Branches:
Dungeon (9/15)             Temple (0/1) D:7            Lair (0/5) D:8
Ossuary (visited)
    Orc: D:9-12

Altars:
Elyvilon
Gozag
Ru
Uskayaw
Wu Jian

Shops:
D:4 =


Innate Abilities, Weirdness & Mutations

You are completely covered in rugged brown scales. (AC +3, +7% HP)
Armour fits poorly on your strangely shaped body.
You cannot be stealthy.
You are hated by all.
You have a long armoured tail.
You roll when moving toward enemies. (Rampage)
Your long tongue fully drains potion bottles. (2x potion effects)
Your tongue gives you trouble enunciating. (1.5x scroll delay)


Message History

You catch the helpless two-headed ogre completely off-guard!
You slash the two-headed ogre!
You feel better.
The two-headed ogre is severely wounded.
The two-headed ogre closely misses you.
The two-headed ogre hits you with a +0 giant spiked club!
Unknown command.
You catch the helpless two-headed ogre completely off-guard!
You hit the two-headed ogre.
You feel better.
You tail-slap the two-headed ogre, but do no damage.
The two-headed ogre is severely wounded.
You roll towards the two-headed ogre!
You hit the two-headed ogre but do no damage.
The two-headed ogre is severely wounded.
The two-headed ogre is no longer blind.
The two-headed ogre hits you with a +0 giant club!!
The two-headed ogre hits you with a +0 giant spiked club!!
* * * LOW HITPOINT WARNING * * *
Blink to where?
Press: ? - help, Dir - move target, f - you, p - two-headed ogre
Okay, then.
Unknown command.
Unknown command.
Unknown command.
Blink to where?
Press: ? - help, Dir - move target As you slowly read the scroll of blinking, it crumbles to dust.
Aiming: Mindburst
Press: ? - help, Shift-Dir - straight line, f - two-headed ogre
Aim: a two-headed ogre, wielding a +0 giant club and a +0 giant spiked club (severely wounded, chance to affect: 47%)
The two-headed ogre resists with some effort.
The now-empty wand crumbles to dust.
Unknown command.
Unknown command.
You barely miss the two-headed ogre.
The two-headed ogre is severely wounded.
The two-headed ogre hits you with a +0 giant club!
* * * LOW HITPOINT WARNING * * *
You focus your inner power and illuminate the two-headed ogre in retribution!
The two-headed ogre hits you with a +0 giant spiked club!
You die...

....# #....#
..<.#
#....'....#
....######
#....#....#
.........#
#....#....#
.........#
#....#....#
............
...#....#
............
###'#....####
.#######+#..
#............
.#....... .
#.@O......###
.'.......
#.#######.#
.#.......
#.'.....# #
.#########
#.#.....#
..........
#.'.....#
......#####
#.#.....#
......#...#
#.#.....#
......#...#
#.#.....#
#####†#...#
#.#[....#


You could see a two-headed ogre (corona).

Vanquished Creatures
  A two-headed ogre (D:8)
  Pikel (D:6)
  Joseph (D:9)
  2 kobold demonologists (D:8)
  Prince Ribbit (D:7)
  Grinder (D:6)
  A shadow (D:8)
  6 yaks
  A steam dragon (D:8)
  Menkaure (Ossuary)
  Duvessa (D:7)
  2 water moccasins
  An ice beast (D:6)
  An orc warrior (D:8)
  3 ogres
  3 centaurs
  A lemure (D:6)
  An elf zombie (Ossuary)
  4 kobold brigands
  2 bullfrogs (D:7)
  5 scorpions
  Dowan (D:7)
  3 killer bees (D:9)
  A howler monkey (D:4)
  4 electric eels (D:8)
  2 centaur zombies (Ossuary)
  3 hounds
  2 jellies
  5 orc priests
  A human zombie (Ossuary)
  4 iguanas
  8 orc wizards
  3 ogre zombies (Ossuary)
  6 mummies (Ossuary)
  11 adders
  A white imp (D:7)
  2 ufetubi
  3 adder zombies (Ossuary)
  A worm (D:3)
  2 dart slugs
  25 orcs
  8 endoplasms
  2 giant cockroaches
  7 goblins
  7 hobgoblins
  3 quokkas
  8 ball pythons
  6 bats
  3 frilled lizards
  A hobgoblin zombie (Ossuary)
  22 kobolds
  8 kobold zombies
  5 quokka zombies (Ossuary)
  6 rats
  7 rat zombies (Ossuary)
  A spectral weapon (D:9)
222 creatures vanquished.

Vanquished Creatures (others)
  A kobold (D:7)
1 creature vanquished.

Grand Total: 223 creatures vanquished

Notes
Turn   | Place    | Note
-------+----------+-------------------------------------------
     0 | D:1      | Amplified the Armataur Gladiator began the quest for the
                  | Orb.
     0 | D:1      | Reached XP level 1. HP: 18/18 MP: 1/1
    84 | D:1      | Found a faded altar of an unknown god.
   100 | D:1      | Prayed at the altar of an unknown god.
   100 | D:1      | Became a worshipper of Ru the Awakened
   108 | D:1      | Gained mutation: You cannot be stealthy. [Ru sacrifice]
   293 | D:1      | Reached skill level 1 in Armour
   303 | D:1      | Reached XP level 2. HP: 25/25 MP: 2/2
   803 | D:2      | Reached XP level 3. HP: 27/32 MP: 3/3
  1049 | D:2      | Reached skill level 2 in Armour
  1588 | D:3      | Reached XP level 4. HP: 34/39 MP: 4/4
  1826 | D:3      | Reached skill level 3 in Armour
  2019 | D:3      | Reached XP level 5. HP: 48/48 MP: 5/5
  2217 | D:4      | Reached skill level 4 in Armour
  2217 | D:4      | Reached XP level 6. HP: 47/55 MP: 6/6
  2318 | D:4      | Found an opulent altar of Gozag.
  2424 | D:4      | Found a sand-covered staircase.
  2435 | Ossuary  | Entered an ossuary
  2566 | Ossuary  | Noticed Menkaure
  2597 | Ossuary  | Killed Menkaure
  2598 | Ossuary  | Reached XP level 7. HP: 30/63 MP: 7/7
  2632 | Ossuary  | Reached skill level 5 in Armour
  3585 | D:4      | Found Kuri's Jewellery Shop.
  3686 | D:5      | Entered Level 5 of the Dungeon
  3795 | D:5      | Reached skill level 5 in Fighting
  3795 | D:5      | Reached skill level 6 in Armour
  3805 | D:5      | Reached skill level 5 in Axes
  3897 | D:5      | Reached XP level 8. HP: 72/72 MP: 8/8
  4270 | D:5      | Found a hide-covered altar of Uskayaw.
  4585 | D:5      | Found an ornate altar of the Wu Jian Council.
  4762 | D:6      | Found a sacrificial altar of Ru.
  4817 | D:6      | Reached skill level 7 in Armour
  4889 | D:6      | Noticed Pikel
  4920 | D:6      | Killed Pikel
  4921 | D:6      | Reached skill level 8 in Armour
  4921 | D:6      | Reached XP level 9. HP: 38/83 MP: 9/9
  5072 | D:6      | Noticed Grinder
  5076 | D:6      | Killed Grinder
  5348 | D:6      | Found a white marble altar of Elyvilon.
  5556 | D:7      | Noticed Prince Ribbit
  5727 | D:7      | Reached skill level 9 in Armour
  5983 | D:7      | Found a staircase to the Ecumenical Temple.
  6023 | D:7      | Gained mutation: You are hated by all. [Ru sacrifice]
  6023 | D:7      | Reached * piety under Ru
  6023 | D:7      | Reached ** piety under Ru
  6077 | D:7      | Killed Prince Ribbit
  6360 | D:7      | Reached XP level 10. HP: 94/94 MP: 10/10
  6551 | D:7      | Noticed Duvessa
  6553 | D:7      | Noticed Dowan
  6558 | D:7      | Killed Duvessa
  6559 | D:7      | Reached skill level 10 in Armour
  6566 | D:7      | Killed Dowan
  6728 | D:8      | Found a staircase to the Lair.
  7109 | D:8      | Noticed a two-headed ogre
  7119 | D:8      | Killed a two-headed ogre
  7723 | D:8      | Reached skill level 11 in Armour
  7891 | D:9      | Noticed Joseph
  7914 | D:9      | Killed Joseph
  8104 | D:9      | Noticed a two-headed ogre
  8115 | D:9      | Slain by a two-headed ogre

Illustrated notes

Levels and vault maps discovered:
D:1:      minmay_arrival_arboretum_small, layout_basic,
          chequers_ecumenical_altar_island, corexii_corridor_pit
D:2:      layout_basic, minmay_misc_feat_tiny, minmay_tetromino_o4
D:3:      layout_rooms
D:4:      nicolae_cairo_tiling_large, layout_basic,
          nicolae_overflow_hidden_temple, serial_shops,
          nicolae_shop_gaudy_bauble, enter_ossuary_3, minmay_distorted
D:5:      nicolae_BIG_FREAKIN_CUBE, layout_loops_ring,
          eat_drink_and_be_merry_uskayaw, nicolae_wu_jian_immortal_techniques,
          serial_glass, glass_columns_a, glass_columns_c,
          chequers_serial_rivers_micro_c, serial_bayou_pond_c, minivault_11,
          st_stairs_2
D:6:      layout_basic, nicolae_elyvilon_temple_path,
          nicolae_ru_sacrificial_ziggurat, serial_glass, glass_columns_a,
          glass_columns_b, glass_columns_a, serial_bayou_crossing, uniq_grinder,
          uniq_pikel
D:7:      layout_loops_cross, minmay_temple_entry_wispy, uniq_duvessa,
          uniq_menkaure, uniq_prince_ribbit1
D:8:      mumra_celtic_spiral_tile, layout_cave_pools, lair_entry_dummy,
          serial_bayou_pond_a, serial_bayou_ford_a, grunt_decor_arrowhead
D:9:      layout_irregular_city, gammafunk_temple_overflow_forgotten,
          uniq_joseph

Skill      XL: |  1  2  3  4  5  6  7  8  9 10 |
---------------+-------------------------------+-----
Fighting       | 2 3 4 5 6 7 9 |  9.0
Armour         | 1 2 3 4 6 8 9 11 | 11.2
Axes           | 3 4 5 6 7 8 |  8.4
Throwing       | |  1.7
Dodging        | |  2.1

Action                     |  1- 3 |  4- 6 |  7- 9 | 10-12 || total
---------------------------+-------+-------+-------+-------++-------
  Melee: War axe           |   105 |   121 |   237 |   136 ||   599
         Tailslap          |     9 |    15 |    55 |    18 ||    97
         Whip              |       |       |   106 |       ||   106
         Punch             |       |       |     3 |     3 ||     6
  Throw: Throwing net      |     1 |       |     4 |     2 ||     7
 Invoke: Sacrifice Stealth |     1 |       |       |       ||     1
         Reject Sacrifices |       |     1 |       |       ||     1
         Sacrifice Love    |       |       |     1 |       ||     1
  Evoke: Wand              |       |     2 |    10 |    13 ||    25
    Use: Potion            |     1 |     3 |     3 |     1 ||     8
         Scroll            |     2 |     7 |    10 |     2 ||    21
   Stab: Invisible         |       |       |     1 |     4 ||     5
         Held in net/web   |       |       |       |     3 ||     3
 Armour: Leather armour    |    54 |       |       |    15 ||    69
         Scale mail        |     5 |    92 |   186 |    61 ||   344
         Skin              |       |       |     2 |       ||     2
  Dodge: Dodged            |    43 |    49 |   121 |    49 ||   262
